 Dungeon Crawl Stone Soup version 0.22-a0-284-g99d1f74 (webtiles) character file.

5705 grindst0ne the Protected (level 10, 0/85 HPs)
             Began as a Demonspawn Chaos Knight on Mar 20, 2018.
             Slain by a stone giant (14 damage)
             ... on level 9 of the Dungeon.
             The game lasted 00:19:05 (8443 turns).

grindst0ne the Protected (Demonspawn Chaos Knight)  Turns: 8443, Time: 00:19:06

Health: 0/85       AC: 16    Str: 11      XL:     10   Next: 48%
Magic:  14/14      EV: 13    Int: 14 (15) God:    Xom [..*...]
Gold:   447        SH:  0    Dex: 14      Spells: 6/9 levels left

rFire    . . .     SeeInvis .   w - +3 dagger (venom)
rCold    . . .     Gourm    .   (no shield)
rNeg     . . .     Faith    .   d - +0 scale mail
rPois    .         Spirit   .   q - +2 helmet
rElec    .         Reflect  .   m - +0 cloak
rCorr    .         Harm     .   (no gloves)
MR       .....                  (no boots)
Stlth    ..........             (no amulet)
HPRegen  0.24/turn              (no ring)
MPRegen  0.14/turn              (no ring)

@: no status effects
A: talons 1, rugged brown scales 3, deterioration 1, spiny 2, weak 1
a: Renounce Religion


You were on level 9 of the Dungeon.
You worshipped Xom.
You were a toy of Xom.
You were not hungry.

You visited 1 branch of the dungeon, and saw 9 of its levels.
You also visited: Sewer.

You collected 447 gold pieces.

Inventory:

Hand Weapons
 a - a +0 hand axe of chaos
 l - a +0 blowgun
 w - a +3 dagger of venom (weapon)
 y - a +0 war axe
Missiles
 u - 16 poisoned needles
 F - 2 throwing nets (quivered)
 I - 2 curare-tipped needles
Armour
 d - a +0 scale mail (worn)
 i - a +0 chain mail
 m - a +0 cloak (worn)
 q - a +2 helmet (worn)
 G - a scarf of cloud immunity
Jewellery
 H - a +3 ring of dexterity {unknown}
Wands
 g - a wand of clouds (4)
Scrolls
 e - 5 scrolls of teleportation
 h - 4 scrolls of magic mapping {unknown}
 k - a scroll of blinking {unknown}
 o - 4 scrolls of fear {unknown}
 p - 3 scrolls of remove curse
 t - 2 scrolls of random uselessness {unknown}
 z - 2 scrolls of amnesia {unknown}
 A - 3 scrolls of enchant armour {unknown}
 D - a scroll of fog {unknown}
 E - a scroll of enchant weapon
Potions
 f - a potion of brilliance
 j - 3 potions of haste
 n - a potion of ambrosia
 r - a potion of lignification
 s - 4 potions of curing
 v - 2 potions of magic
 x - a potion of berserk rage
 C - a potion of cancellation
Miscellaneous
 B - a box of beasts
Comestibles
 c - 20 rations
 J - 2 chunks of flesh


   Skills:
 - Level 8.2 Fighting
 - Level 2.6 Axes
 + Level 8.3 Armour
 + Level 8.1 Dodging
 + Level 5.9 Evocations


You had 6 spell levels left.
You knew the following spells:

 Your Spells              Type           Power        Failure   Level  Hunger
a - Conjure Flame         Conj/Fire      #.......     98%         3    ####...


Dungeon Overview and Level Annotations

Branches:
Dungeon (9/15)             Temple (0/1) D:7            Lair (0/6) D:9
    Orc: D:9-12

Altars:
Ashenzari
Cheibriados
Dithmenos
Gozag
Hepliaklqana
Makhleb
Nemelex Xobeh
Sif Muna
Trog
Uskayaw
Xom
Yredelemnul
Zin
The Shining One

Shops:
D:6 [   D:8 =}[   D:9 (

Annotations:
D:4 2 transporters


Innate Abilities, Weirdness & Mutations

You have sharp toenails.
You are completely covered in rugged brown scales. (AC +3, +7% HP)
You are mostly covered in sharp spines.
Your body sometimes deteriorates upon taking damage.
You are weak. (Str -2)


Message History

Xom thinks this is hilarious!
Your body deteriorates!
You feel dopey.
The worker ant is engulfed in poison gas.
The worker ant is poisoned.
Okay, then.
Okay, then.
Okay, then.
Evoke which item? (* to show all) (? for menu, Esc to quit)
Okay, then.
The worker ant is engulfed in poison gas.
The worker ant looks even sicker.
The stone giant is engulfed in poison gas.
The stone giant looks as sick as possible!
You feel better.
The worker ant is engulfed in poison gas.
The worker ant looks even sicker.
You kill the worker ant!
The stone giant hits you!
You die...
Xom is highly amused!

#####'#####
#.........#
#.###.###.# #.#
#.# #.#
##.###.###.#####
......†........##
##.###.###.###..##
#.# #.# #.# ##.(#
#.# #.# #.# ##@#
#.. ... ..# #C#
#### #+# ### #§#
.# §§§ .# ###
#§§§# .# ##.##
##§§§ ## ##.)|##
.[... +##..#|.##+
..... +..#
#.##[.|##.#
?..#..#..#


You could see a stone giant.

Vanquished Creatures
  A tengu warrior (D:9)
  A deep troll (D:9)
  A tarantella (shapeshifter) (D:9)
  A hungry ghost (D:8)
  The ghost of Gildeon the Magician, an amateur DgCj (D:4)
  3 sky beasts (D:9)
  An orc warrior (D:8)
  A necrophage (D:9)
  A phantom (D:6)
  A black bear (D:9)
  3 ogres
  6 centaurs
  6 bullfrogs
  3 big kobolds
  A gnoll sergeant (D:9)
  3 scorpions (D:5)
  5 wights (D:8)
  A vampire bat (D:3)
  5 howler monkeys
  5 crimson imps
  A centaur zombie (D:9)
  3 orc priests
  A bullfrog zombie (D:8)
  A centaur skeleton (D:5)
  5 hounds
  5 jellies
  6 orc wizards
  Natasha (thrice) (D:2)
  5 worker ants
  A killer bee zombie (D:9)
  A hound skeleton (D:6)
  A howler monkey zombie (D:5)
  9 gnolls
  A river rat (Sewer)
  14 adders
  4 shadow imps
  3 oozes
  A dart slug (D:1)
  3 fire bats (D:3)
  3 worms
  4 leopard geckos
  28 orcs
  2 spectral bats (D:3)
  3 bat skeletons (D:3)
  A bat zombie (D:3)
  4 giant cockroaches
  5 goblins
  4 hobgoblins
  4 jackals (D:2)
  6 kobolds
  6 quokkas
  8 ball pythons
  2 ball python skeletons
  13 bats
  A bat simulacrum (D:3)
  7 frilled lizards
  A goblin skeleton (D:4)
  A goblin zombie (D:4)
  2 hobgoblin zombies (D:4)
  A kobold zombie (D:4)
  An orc skeleton (D:4)
  A quokka skeleton (D:4)
  14 rats
240 creatures vanquished.

Vanquished Creatures (collateral kills)
  A centaur (D:6)
  An orc (D:4)
  A kobold zombie (D:4)
3 creatures vanquished.

Vanquished Creatures (others)
  A gnoll (D:9)
  A kobold (Sewer)
2 creatures vanquished.

Grand Total: 245 creatures vanquished

Notes
Turn   | Place    | Note
-------+----------+-------------------------------------------
     0 | D:1      | grindst0ne the Demonspawn Chaos Knight began the quest for the Orb.
     0 | D:1      | Reached XP level 1. HP: 18/18 MP: 1/1
    86 | D:1      | Gained mutation: You are partially covered in sharp spines. [demonic ancestry]
    86 | D:1      | Reached XP level 2. HP: 10/25 MP: 2/2
   123 | D:1      | XOM: divination: magic mapping
   151 | D:1      | XOM: harmless Ice miscast
   175 | D:1      | XOM: harmless Summ miscast
   319 | D:1      | XOM: harmless Fire miscast
   585 | D:1      | Reached XP level 3. HP: 30/30 MP: 3/3
  1000 | D:2      | Found a hide-covered altar of Uskayaw.
  1000 | D:2      | Found a snail-covered altar of Cheibriados.
  1000 | D:2      | Found a shattered altar of Ashenzari.
  1004 | D:2      | You fall through a shaft!
  1074 | D:2      | XOM: divination: detect creatures
  1209 | D:2      | Noticed Natasha
  1217 | D:2      | Killed Natasha
  1217 | D:2      | Reached skill level 5 in Fighting
  1217 | D:2      | Gained mutation: You have sharp toenails. [demonic ancestry]
  1217 | D:2      | Reached XP level 4. HP: 31/39 MP: 4/4
  1239 | D:2      | XOM: harmless Erth miscast
  1256 | D:2      | XOM: silly message
  1289 | D:2      | Noticed Natasha
  1300 | D:2      | Killed Natasha
  1315 | D:2      | Noticed Natasha
  1319 | D:2      | Killed Natasha
  1319 | D:2      | Reached XP level 5. HP: 10/46 MP: 5/5
  1521 | D:2      | XOM: divination: detect items
  1959 | D:3      | XOM: 7-stop teleportation journey
  2301 | D:3      | Gained mutation: You are partially covered in rugged brown scales. (AC +1, +3% HP) [demonic ancestry]
  2301 | D:3      | Reached XP level 6. HP: 43/54 MP: 6/6
  2338 | D:3      | XOM: give mutation
  2338 | D:3      | Gained mutation: Your mind is acute. (Int +2) [Xom's grace]
  2703 | D:4      | XOM: summons 4 friendly demons
  2707 | D:4      | Found a burning altar of Makhleb.
  2725 | D:4      | XOM: 1-stop teleportation journey
  2747 | D:4      | Noticed Gildeon's ghost (amateur DgCj)
  2747 | D:4      | XOM: summons 5 friendly demons
  2770 | D:4      | Found a glowing golden altar of the Shining One.
  2885 | D:4      | Killed Gildeon's ghost
  2885 | D:4      | Reached XP level 7. HP: 26/63 MP: 7/7
  3102 | D:4      | Reached skill level 1 in Dodging
  3394 | D:4      | Found a transporter.
  3395 | D:4      | Noticed a death knight
  3396 | D:4      | Found a glowing silver altar of Zin.
  3397 | D:4      | Found a transporter.
  3398 | D:4      | Found a hazy altar of Hepliaklqana.
  3416 | D:4      | XOM: god gift: 35 gold pieces
  3947 | D:4      | XOM: god gift: scale mail {god gift}
  3983 | D:5      | Entered Level 5 of the Dungeon
  4051 | D:5      | XOM: divination: magic mapping
  4089 | D:5      | XOM: noise
  4108 | D:5      | XOM: harmless Fire miscast
  4113 | D:5      | Gained mutation: You are mostly covered in rugged brown scales. (AC +2, +5% HP) [demonic ancestry]
  4113 | D:5      | Reached XP level 8. HP: 32/71 MP: 8/8
  4131 | D:5      | XOM: mild Erth miscast
  4157 | D:5      | XOM: summons 2 hostile shadow creatures
  4333 | D:5      | XOM: harmless Tmut miscast
  4351 | D:5      | XOM: summons 4 hostile demons
  4444 | D:5      | XOM: give mutations
  4444 | D:5      | Gained mutation: You are weak. (Str -2) [Xom's mischief]
  4444 | D:5      | Gained mutation: Your body sometimes deteriorates upon taking damage. [Xom's mischief]
  4444 | D:5      | Lost mutation: Your mind is acute. (Int +2) [Xom's mischief]
  4458 | D:5      | XOM: chaos upgrade
  4482 | D:5      | Learned a level 3 spell: Conjure Flame
  4542 | D:5      | Found a sparkling altar of Nemelex Xobeh.
  4650 | D:5      | XOM: 1-stop teleportation journey
  4713 | D:5      | XOM: medium Tmut miscast
  4861 | D:5      | XOM: harmless Tmut miscast
  5041 | D:5      | Found a deep blue altar of Sif Muna.
  5114 | D:6      | Found a glowing drain.
  5146 | Sewer    | Entered a sewer
  5154 | Sewer    | Reached skill level 5 in Armour
  5238 | Sewer    | XOM: destruction
  5310 | Sewer    | Reached skill level 5 in Dodging
  5322 | Sewer    | XOM: polymorph big kobold -> bullfrog
  5421 | D:6      | XOM: divination: detect creatures
  5465 | D:6      | XOM: enchant monster (good)
  5550 | D:6      | Gained mutation: You are completely covered in rugged brown scales. (AC +3, +7% HP) [demonic ancestry]
  5550 | D:6      | Reached XP level 9. HP: 66/79 MP: 9/9
  5629 | D:6      | XOM: 3-stop teleportation journey
  5846 | D:6      | XOM: summons friendly crimson imp
  5850 | D:6      | Reached skill level 1 in Evocations
  5869 | D:6      | Found a shattered altar of Ashenzari.
  6005 | D:6      | Found Jyzxa's Armour Boutique.
  6130 | D:6      | Found an opulent altar of Gozag.
  6216 | D:6      | XOM: scenery: create altars
  6260 | D:7      | Found a bloodstained altar of Trog.
  6342 | D:7      | Found a bloodstained altar of Trog.
  6374 | D:7      | Found a shadowy altar of Dithmenos.
  6446 | D:7      | XOM: harmless Ice miscast
  6627 | D:7      | Found a staircase to the Ecumenical Temple.
  6723 | D:8      | Found a basalt altar of Yredelemnul.
  6736 | D:8      | Found Puhot's Antique Armour Emporium.
  6802 | D:8      | XOM: harmless Chrm miscast
  6901 | D:8      | Found Jajalois's Gadget Shop.
  7092 | D:8      | XOM: divination: magic mapping
  7267 | D:8      | Found Hitse's Jewellery Boutique.
  7415 | D:8      | XOM: mild Conj miscast
  7452 | D:9      | XOM: potion effect (might)
  7456 | D:9      | Found a staircase to the Lair.
  7473 | D:9      | XOM: potion effect (heal wounds)
  7509 | D:9      | Noticed a deep troll
  7510 | D:9      | XOM: harmless Air miscast
  7515 | D:9      | Killed a deep troll
  7515 | D:9      | Gained mutation: You are mostly covered in sharp spines. [demonic ancestry]
  7515 | D:9      | Reached XP level 10. HP: 64/85 MP: 13/13
  7833 | D:9      | Reached skill level 5 in Evocations
  7902 | D:7      | XOM: cloud trail
  8146 | D:9      | Noticed a tengu warrior
  8272 | D:9      | Killed a tengu warrior
  8315 | D:9      | Found Ryjafer's Weapon Emporium.
  8356 | D:9      | XOM: mild Ice miscast
  8430 | D:9      | Noticed a stone giant
  8443 | D:9      | Slain by a stone giant

Vault maps used:
D:1:      lemuel_arrival_river_bridge
D:2:      gammafunk_temple_overflow_claw, uniq_natasha
D:3:      minivault_14, grunt_decor_fettered, goddamned_bats
D:4:      lemuel_round_altar, gammafunk_temple_overflow_arena,
          nicolae_tso_besieged_by_evil
D:5:      nemelex_xobeh_ov_fountains_minmay, lemuel_blue_sif_altar,
          first_ration, minmay_crystal_water, hangedman_abyss_or_decor_stabs
D:6:      kennysheep_mini_moat, serial_shops, nicolae_shop_waterfront,
          cheibrodos_sewer_entry_drain, evilmike_ruin_ashenzari
D:7:      nicolae_overflow_crystal_walls, nicolae_dithmenos_shadow_blocks,
          minmay_temple_entry_fiery, basic_altar
D:8:      old_standard_altar, serial_shops, nicolae_shop_crystal, shop,
          nicolae_shop_trees
D:9:      minmay_the_grid_plus_closed, nicolae_ru_path_of_blood, serial_shops,
          shop_fountains
Sewer:    sewer_co_15_rooms

Skill      XL: |  1  2  3  4  5  6  7  8  9 10 |
---------------+-------------------------------+-----
Fighting       | 4 5 6 8 |  8.2
Armour         | 3 5 7 8 |  8.3
Dodging        | 3 5 7 8 |  8.1
Evocations     | 4 5 |  5.9
Axes           | |  2.6

Action                   |  1- 3 |  4- 6 |  7- 9 | 10-12 || total
-------------------------+-------+-------+-------+-------++-------
Melee: Hand axe          |    77 |   109 |    43 |       ||   229
       Kick              |       |    21 |    97 |    23 ||   141
       Dagger            |       |       |   348 |    76 ||   424
Evoke: Wand              |       |       |     1 |     1 ||     2
  Use: Potion            |       |     6 |       |     2 ||     8
       Scroll            |       |       |       |     7 ||     7
 Stab: Paralysed         |     3 |       |       |       ||     3
  Eat: Chunk             |     1 |     4 |    19 |     3 ||    27
Armor: Leather armour    |    21 |    40 |       |       ||    61
       Scale mail        |       |       |   176 |    55 ||   231
Dodge: Dodged            |    44 |    58 |   193 |    61 ||   356

Table legend:
 A = Spawn XP
 B = Non-spawn XP
 C = Spawn XP percentage of total XP
 D = Spawn monster count
 E = Non-spawn monster count
 F = Spawn count percentage of total count
 G = Total turns spent on level
                    A         B        C        D         E        F      G
               +---------+---------+-------+---------+---------+-------+---------
         Total |       0 |    8150 |   0.0 |       0 |     244 |   0.0 |  8443
               +---------+---------+-------+---------+---------+-------+---------
           D:1 |       0 |      49 |   0.0 |       0 |      24 |   0.0 |   952
           D:2 |       0 |     158 |   0.0 |       0 |      23 |   0.0 |   805
           D:3 |       0 |     281 |   0.0 |       0 |      34 |   0.0 |   908
           D:4 |       0 |     581 |   0.0 |       0 |      28 |   0.0 |  1455
           D:5 |       0 |     903 |   0.0 |       0 |      29 |   0.0 |   992
           D:6 |       0 |     847 |   0.0 |       0 |      20 |   0.0 |   943
           D:7 |       0 |     195 |   0.0 |       0 |       5 |   0.0 |   523
           D:8 |       0 |    1250 |   0.0 |       0 |      30 |   0.0 |   940
           D:9 |       0 |    3519 |   0.0 |       0 |      34 |   0.0 |   668
         Sewer |       0 |     367 |   0.0 |       0 |      17 |   0.0 |   257
               +---------+---------+-------+---------+---------+-------+---------
